 Dungeon Crawl Stone Soup version 0.21.1-1-g345015f (webtiles) character file.

46 Fang the Skirmisher (level 3, -1/24 HPs)
             Began as a Gargoyle Berserker on May 9, 2018.
             Was a Believer of Trog.
             Slain by a hobgoblin (4 damage)
             ... on level 2 of the Dungeon.
             The game lasted 00:01:01 (673 turns).

Fang the Skirmisher (Gargoyle Berserker)             Turns: 673, Time: 00:01:02

Health: -1/24      AC:  5    Str: 21    XL:     3   Next: 66%
Magic:  3/3        EV: 12    Int:  7    God:    Trog [**....]
Gold:   23         SH:  0    Dex:  9    Spells: 2/2 levels left

rFire    . . .     SeeInvis .   a - +0 hand axe
rCold    . . .     Gourm    .   (no shield)
rNeg     + . .     Faith    .   b - +0 animal skin
rPois    ∞         Spirit   .   (no helmet)
rElec    +         Reflect  .   (no cloak)
rCorr    .         Harm     .   (no gloves)
MR       .....                  (no boots)
Stlth    +.........             (no amulet)
HPRegen  0.08/turn              (no ring)
MPRegen  0.08/turn              (no ring)

@: berserk cooldown, slowed, very slow
A: negative energy resistance 1, electricity resistance, unbreathing,
petrification resistance, rot immunity, AC +3
a: Berserk, Trog's Hand, Burn Spellbooks, Renounce Religion


You were on level 2 of the Dungeon.
You worshipped Trog.
Trog was pleased with you.
You were not hungry.

You visited 1 branch of the dungeon, and saw 2 of its levels.

You collected 23 gold pieces.

Inventory:

Hand Weapons
 a - a +0 hand axe (weapon)
Armour
 b - a +0 animal skin (worn)
Scrolls
 d - 2 scrolls of amnesia {unknown}
 f - a scroll of enchant armour {unknown}
 g - a scroll of remove curse {unknown}
 h - a scroll of identify {unknown}
Potions
 e - a potion of curing {unknown}
Comestibles
 c - 2 rations


   Skills:
 + Level 3.7 Fighting
 + Level 3.5 Axes
 + Level 2.4 Armour
 + Level 1.8 Dodging


You had 2 spell levels left.
You didn't know any spells.

Dungeon Overview and Level Annotations

Branches:
Dungeon (2/15)

Altars:
Cheibriados
Fedhas
Makhleb
Uskayaw


Innate Abilities, Weirdness & Mutations

You are resistant to torment.
Your stone body is resilient. (AC +3)
You are immune to poison.
You resist negative energy. (rN+)
You are resistant to electric shocks. (rElec)
You can survive without breathing.
You are immune to petrification.
You are immune to rotting.


Message History

You closely miss the kobold. The hobgoblin closely misses you.
The kobold closely misses you. The quokka barely misses you.
The hobgoblin hits you but does no damage.
The kobold hits you but does no damage. The quokka bites you.
* * * LOW HITPOINT WARNING * * *
You barely miss the hobgoblin. You hit the quokka.
You kill the quokka!
Trog accepts your kill.
You closely miss the kobold. The hobgoblin hits you.
* * * LOW HITPOINT WARNING * * *
The kobold hits you but does no damage.
The hobgoblin hits you but does no damage.
The kobold closely misses you.
You hit the hobgoblin.
The hobgoblin is heavily wounded.
You hit the kobold.
You kill the kobold!
Trog accepts your kill. The hobgoblin completely misses you.
The hobgoblin hits you.
You die...

#. ..# .. #.
#.###.#
#.###.....#
#.#..._...# #
####.#.......#.#
...............#
#.†_..8(!_.)#
#..(.(@g....#
#.<)......#.#
#.#..._.......
#.##..........
#. ....###....
.......# #.#.
......... .#
.##..#####. # .


You could see a hobgoblin.

Vanquished Creatures
  An adder (D:2)
  An ooze (D:1)
  A leopard gecko (D:1)
  A ball python (D:1)
  5 giant cockroaches
  2 goblins (D:1)
  6 hobgoblins
  A quokka (D:2)
  4 bats
  2 frilled lizards (D:1)
  5 kobolds
  A rat (D:2)
30 creatures vanquished.

Notes
Turn   | Place    | Note
-------+----------+-------------------------------------------
     0 | D:1      | Fang the Gargoyle Berserker began the quest for the Orb.
     0 | D:1      | Reached XP level 1. HP: 14/14 MP: 1/1
    84 | D:1      | Reached XP level 2. HP: 18/19 MP: 2/2
   350 | D:1      | Reached XP level 3. HP: 18/23 MP: 3/3
   649 | D:2      | Found a blossoming altar of Fedhas.
   649 | D:2      | Found a snail-covered altar of Cheibriados.
   649 | D:2      | Found a hide-covered altar of Uskayaw.
   649 | D:2      | Found a burning altar of Makhleb.
   653 | D:2      | Reached ** piety under Trog
   673 | D:2      | Slain by a hobgoblin

Skill      XL: |  1  2 |
---------------+-------+-----
Axes           | 3 |  3.5
Fighting       | |  3.7
Armour         | |  2.4
Dodging        | |  1.8

Action                   || total
-------------------------++-------
Melee: Hand axe          ||    90
Invok: Berserk           ||     1
Armor: Animal skin       ||    42
Dodge: Dodged            ||   103
